BSA
CHICAGO MACHINE @ KALAMAZOO ROYALE WITH CHEESE
04/18/2026
 
TOP OF THE 1ST
Chicago Machine batting - Pitching for Kalamazoo Royale with Cheese : RHP Miguel Angel Rodríguez
Pitching: RHP Miguel Angel Rodríguez
Batting: RHB Pablo Sandoval 0-0: Ball
1-0: Called Strike
1-1: Fly out, F9 (Flyball, 9S)
Batting: LHB Bob Smith 0-0: Swinging Strike
0-1: Ball
1-1: Ball
2-1: SINGLE (Groundball, 34D)
Batting: RHB Edward Young 0-0: Ball
1-0: Ball
2-0: Called Strike
2-1: Grounds into double play, U6-3 (Groundball, 6)
Top of the 1st over - 0 run(s), 1 hit(s), 0 error(s), 0 left on base; Chicago 0 - Kalamazoo 0
BOTTOM OF THE 1ST
Kalamazoo Royale with Cheese batting - Pitching for Chicago Machine : RHP Geoffrey Keller
Pitching: RHP Geoffrey Keller
Batting: RHB Fernando Martínez 0-0: Called Strike
0-1: Swinging Strike
0-2: Strikes out looking
Batting: LHB Robinson Fernández 0-0: Foul Ball, location: 2F
0-1: Swinging Strike
0-2: Ball
1-2: Ball
2-2: Strikes out swinging
Batting: LHB Seung-woo Yi 0-0: Called Strike
0-1: Ball
1-1: Ball
2-1: SINGLE (Groundball, 4MD)
Batting: RHB Juan Jose Guevana 0-0: Ball
1-0: Foul Ball, location: 2F
1-1: Ball
2-1: Ball
3-1: Base on Balls
Seung-woo Yi to second
Batting: RHB Juan Mendoza 0-0: Foul Ball, location: 2F
0-1: Ball
1-1: Ground out U3 (Groundball, 3S)
Bottom of the 1st over - 0 run(s), 1 hit(s), 0 error(s), 2 left on base; Chicago 0 - Kalamazoo 0
TOP OF THE 2ND
Chicago Machine batting - Pitching for Kalamazoo Royale with Cheese : RHP Miguel Angel Rodríguez
Batting: SHB José Alomar 0-0: Called Strike
0-1: DOUBLE (Line Drive, 78D)
Batting: RHB Doug Stephens 0-0: Ball
1-0: Foul Ball, location: 2F
1-1: Foul Ball, location: 2F
1-2: Foul Ball, location: 2F
1-2: 2-RUN HOME RUN (Flyball, 8LXD), Distance : 440 ft
Batting: LHB Eric Wheeler 0-0: Foul Ball, location: 2F
0-1: Called Strike
0-2: DOUBLE (Groundball, 3D)
Batting: SHB Jesús Ramírez 0-0: Called Strike
0-1: Foul Ball, location: 2F
0-2: Ball
1-2: Ball
2-2: Strikes out swinging
Batting: RHB Roberto Cardona 0-0: Ball
1-0: Foul Ball, location: 2F
1-1: Ball
2-1: Ground out 4-3 (Groundball, 4M)
Eric Wheeler to third
Batting: RHB Gonzalo Gil 0-0: Fly out, F7 (Line Drive, 7S)
Top of the 2nd over - 2 run(s), 3 hit(s), 0 error(s), 1 left on base; Chicago 2 - Kalamazoo 0
BOTTOM OF THE 2ND
Kalamazoo Royale with Cheese batting - Pitching for Chicago Machine : RHP Geoffrey Keller
Batting: RHB Miguel Encarnación 0-0: Called Strike
0-1: Swinging Strike
0-2: Ground out 1-3 (Groundball, 15)
Batting: LHB Juan Sánchez 0-0: Called Strike
0-1: Ground out 6-3 (Groundball, 6M)
Batting: LHB Roberto Sandoval 0-0: Ball
1-0: Ground out 1-3 (Groundball, 34S)
Bottom of the 2nd over - 0 run(s), 0 hit(s), 0 error(s), 0 left on base; Chicago 2 - Kalamazoo 0
TOP OF THE 3RD
Chicago Machine batting - Pitching for Kalamazoo Royale with Cheese : RHP Miguel Angel Rodríguez
Batting: RHB Pablo Sandoval 0-0: Ground out 5-3 (Groundball, 5)
Batting: LHB Bob Smith 0-0: Called Strike
0-1: Ball
1-1: Foul Ball, location: 2F
1-2: Strikes out swinging
Batting: RHB Edward Young 0-0: SINGLE (Line Drive, 9LS)
Batting: SHB José Alomar 0-0: Called Strike
0-1: Ball
1-1: Ball
2-1: Called Strike
2-2: Strikes out swinging
Top of the 3rd over - 0 run(s), 1 hit(s), 0 error(s), 1 left on base; Chicago 2 - Kalamazoo 0
BOTTOM OF THE 3RD
Kalamazoo Royale with Cheese batting - Pitching for Chicago Machine : RHP Geoffrey Keller
Batting: RHB Jorge Márquez 0-0: Ball
1-0: Called Strike
1-1: Ball
2-1: Ball
3-1: Fly out, F3 (Popup, 3L)
Batting: RHB Fernando Martínez 0-0: Ball
1-0: Foul Ball, location: 2F
1-1: Swinging Strike
1-2: Ground out 1-3 (Groundball, 13S)
Batting: LHB Robinson Fernández 0-0: Swinging Strike
0-1: Called Strike
0-2: Ball
1-2: Ball
2-2: Ball
3-2: SINGLE (Line Drive, 7S)
Batting: LHB Seung-woo Yi 0-0: Called Strike
0-1: Foul Ball, location: 2F
0-2: Foul Ball, location: 2F
0-2: Ball
1-2: SINGLE (Groundball, 15S) (infield hit)
Robinson Fernández to second
Batting: RHB Juan Jose Guevana 0-0: Ball
1-0: Foul Ball, location: 2F
1-1: Ball
2-1: Foul Ball, location: 2F
2-2: Strikes out swinging
Bottom of the 3rd over - 0 run(s), 2 hit(s), 0 error(s), 2 left on base; Chicago 2 - Kalamazoo 0
TOP OF THE 4TH
Chicago Machine batting - Pitching for Kalamazoo Royale with Cheese : RHP Miguel Angel Rodríguez
Batting: RHB Doug Stephens 0-0: Ball
1-0: SINGLE (Line Drive, 4D)
Batting: LHB Eric Wheeler 0-0: Ball
1-0: Foul Ball, location: 2F
1-1: Foul Ball, location: 2F
1-2: Ball
2-2: Ball
3-2: Base on Balls
Doug Stephens to second
Batting: SHB Jesús Ramírez 0-0: Ball
1-0: Ball
2-0: Called Strike
2-1: 3-RUN HOME RUN (Flyball, 8RXD), Distance : 445 ft
Batting: RHB Roberto Cardona 0-0: Called Strike
0-1: Ball
1-1: Called Strike
1-2: Fly out, F7 (Flyball, 7D)
Batting: RHB Gonzalo Gil 0-0: Ball
1-0: Called Strike
1-1: Ball
2-1: Ball
3-1: SINGLE (Line Drive, 5D)
Batting: RHB Pablo Sandoval 0-0: Called Strike
0-1: Fielders Choice at 2nd, 6-4 (Groundball, 6M)
Batting: LHB Bob Smith 0-0: Ball
1-0: Fly out, F5 (Popup, 5SF)
Top of the 4th over - 3 run(s), 3 hit(s), 0 error(s), 1 left on base; Chicago 5 - Kalamazoo 0
BOTTOM OF THE 4TH
Kalamazoo Royale with Cheese batting - Pitching for Chicago Machine : RHP Geoffrey Keller
Now at SS: Edward Bartlett
Batting: RHB Juan Mendoza 0-0: Ball
1-0: Ball
2-0: Ground out 5-3 (Groundball, 5L)
Batting: RHB Miguel Encarnación 0-0: Ball
1-0: Called Strike
1-1: Called Strike
1-2: SINGLE (Line Drive, 6MD)
Batting: LHB Juan Sánchez 0-0: Ball
1-0: Foul Ball, location: 2F
1-1: Ball
2-1: SINGLE (Line Drive, 9S)
Miguel Encarnación to second
Runner from 2nd tries for 3rd, SAFE, no throw or cutoff
Batting: LHB Roberto Sandoval 0-0: Ball
1-0: Called Strike
1-1: Swinging Strike
1-2: Strikes out swinging
Batting: RHB Jorge Márquez 0-0: Ball
1-0: Ball
2-0: Foul Ball, location: 2F
2-1: Fly out, F8 (Flyball, 8RD)
Bottom of the 4th over - 0 run(s), 2 hit(s), 0 error(s), 2 left on base; Chicago 5 - Kalamazoo 0
TOP OF THE 5TH
Chicago Machine batting - Pitching for Kalamazoo Royale with Cheese : RHP Miguel Angel Rodríguez
Batting: RHB Edward Young 0-0: Ball
1-0: Foul Ball, location: 2F
1-1: SOLO HOME RUN (Line Drive, 78XD), Distance : 438 ft
Batting: SHB José Alomar 0-0: Swinging Strike
0-1: Ball
1-1: Ball
2-1: SINGLE (Line Drive, 8LS)
Batting: RHB Doug Stephens 0-0: Called Strike
0-1: Ball
José Alomar steals 2nd base
1-1: Ball
2-1: Ball
3-1: Ground out 5-3 (Groundball, 56)
Batting: LHB Eric Wheeler 0-0: Called Strike
0-1: Ground out 5-3 (Groundball, 56S)
José Alomar to third
Batting: SHB Jesús Ramírez 0-0: Called Strike
0-1: Ball
1-1: Swinging Strike
1-2: Ball
2-2: Foul Ball, location: 2F
2-2: Fly out, F5 (Popup, 5F)
Top of the 5th over - 1 run(s), 2 hit(s), 0 error(s), 1 left on base; Chicago 6 - Kalamazoo 0
BOTTOM OF THE 5TH
Kalamazoo Royale with Cheese batting - Pitching for Chicago Machine : RHP Geoffrey Keller
Batting: RHB Fernando Martínez 0-0: Ball
1-0: Ball
2-0: Called Strike
2-1: Foul Ball, location: 2F
2-2: Ground out 2-3 (Groundball, 25)
Batting: LHB Robinson Fernández 0-0: Ball
1-0: Ball
2-0: Ball
3-0: Called Strike
3-1: Called Strike
3-2: Ground out 5-3 (Groundball, 56S)
Batting: LHB Seung-woo Yi 0-0: Swinging Strike
0-1: Ball
1-1: Ball
2-1: Ball
3-1: Base on Balls
Batting: RHB Juan Jose Guevana 0-0: Called Strike
0-1: Ball
1-1: Ball
2-1: Called Strike
2-2: Strikes out swinging
Bottom of the 5th over - 0 run(s), 0 hit(s), 0 error(s), 1 left on base; Chicago 6 - Kalamazoo 0
TOP OF THE 6TH
Chicago Machine batting - Pitching for Kalamazoo Royale with Cheese : RHP Miguel Angel Rodríguez
Batting: RHB Roberto Cardona 0-0: Called Strike
0-1: Fly out, F7 (Flyball, 78D)
Batting: SHB Edward Bartlett 0-0: SOLO HOME RUN (Flyball, 9D), Distance : 390 ft
Batting: RHB Pablo Sandoval 0-0: Fly out, F8 (Flyball, 8LM)
Batting: LHB Bob Smith 0-0: Ball
1-0: Foul Ball, location: 2F
1-1: Ball
2-1: Foul Ball, location: 2F
2-2: Ball
3-2: TRIPLE (Flyball, 8LXD)
Batting: RHB Edward Young 0-0: Foul Ball, location: 2F
0-1: Fly out, F6 (Popup, 56D)
Top of the 6th over - 1 run(s), 2 hit(s), 0 error(s), 1 left on base; Chicago 7 - Kalamazoo 0
BOTTOM OF THE 6TH
Kalamazoo Royale with Cheese batting - Pitching for Chicago Machine : LHP Austin Wall
Pitching: LHP Austin Wall
Batting: RHB Juan Mendoza 0-0: Ball
1-0: Ball
2-0: Ground out 6-3 (Groundball, 6)
Batting: RHB Miguel Encarnación 0-0: Ball
1-0: Ball
2-0: Ball
3-0: Foul Ball, location: 2F
3-1: Called Strike
3-2: Base on Balls
Batting: LHB Juan Sánchez 0-0: Called Strike
0-1: Foul Ball, location: 2F
0-2: Ball
1-2: Foul Ball, location: 2F
1-2: Strikes out swinging
Batting: LHB Roberto Sandoval 0-0: Foul Ball, location: 2F
0-1: Swinging Strike
0-2: Strikes out swinging
Bottom of the 6th over - 0 run(s), 0 hit(s), 0 error(s), 1 left on base; Chicago 7 - Kalamazoo 0
TOP OF THE 7TH
Chicago Machine batting - Pitching for Kalamazoo Royale with Cheese : RHP Miguel Angel Rodríguez
Batting: SHB José Alomar 0-0: Foul Ball, location: 2F
0-1: Ball
1-1: Foul Ball, location: 2F
1-2: Strikes out swinging
Batting: RHB Doug Stephens 0-0: SOLO HOME RUN (Flyball, 9D), Distance : 386 ft
Pitching: RHP Eric Richards
Batting: LHB Eric Wheeler 0-0: Called Strike
0-1: Swinging Strike
0-2: Strikes out looking
Batting: SHB Jesús Ramírez 0-0: Called Strike
0-1: Swinging Strike
0-2: Ball
1-2: Foul Ball, location: 2F
1-2: Strikes out swinging
Top of the 7th over - 1 run(s), 1 hit(s), 0 error(s), 0 left on base; Chicago 8 - Kalamazoo 0
BOTTOM OF THE 7TH
Kalamazoo Royale with Cheese batting - Pitching for Chicago Machine : LHP Austin Wall
Batting: RHB Jorge Márquez 0-0: Ball
1-0: Fly out, F6 (Line Drive, 6M)
Batting: RHB Fernando Martínez 0-0: Swinging Strike
0-1: Ball
1-1: Ball
2-1: Ball
3-1: Base on Balls
Batting: LHB Robinson Fernández 0-0: Ball
1-0: Called Strike
1-1: Foul Ball, location: 2F
1-2: Foul Ball, location: 2F
1-2: Foul Ball, location: 2F
1-2: Strikes out looking
Batting: LHB Seung-woo Yi 0-0: SINGLE (Groundball, 3D)
Fernando Martínez to second
Runner from 2nd tries for 3rd, SAFE, throw made to third
Batting: RHB Juan Jose Guevana 0-0: Called Strike
0-1: Called Strike
0-2: Ground out 6-3 (Groundball, 6)
Bottom of the 7th over - 0 run(s), 1 hit(s), 0 error(s), 2 left on base; Chicago 8 - Kalamazoo 0
TOP OF THE 8TH
Chicago Machine batting - Pitching for Kalamazoo Royale with Cheese : RHP Eric Richards
Batting: RHB Roberto Cardona 0-0: Ball
1-0: Called Strike
1-1: Ball
2-1: Swinging Strike
2-2: Foul Ball, location: 2F
2-2: Strikes out swinging
Batting: SHB Edward Bartlett 0-0: Called Strike
0-1: Foul Ball, location: 2F
0-2: Ball
1-2: Reached on Error, E7 (Line Drive, 7M)
Batting: RHB Pablo Sandoval 0-0: Called Strike
0-1: Ball
1-1: Ball
2-1: Ground out 6-3 (Groundball, 6M)
Edward Bartlett to third
Batting: LHB Bob Smith 0-0: Ball
1-0: Called Strike
1-1: Ball
2-1: Swinging Strike
2-2: Strikes out looking
Top of the 8th over - 0 run(s), 0 hit(s), 1 error(s), 1 left on base; Chicago 8 - Kalamazoo 0
BOTTOM OF THE 8TH
Kalamazoo Royale with Cheese batting - Pitching for Chicago Machine : LHP Austin Wall
Pitching: RHP Clint Tancock
Now at 1B: Derek Ramsey
Now in CF: Lorenzo Guzmán
Batting: RHB Juan Mendoza 0-0: Ball
1-0: SINGLE (Groundball, 4MS) (infield hit)
Batting: RHB Miguel Encarnación 0-0: Called Strike
0-1: Swinging Strike
0-2: Strikes out swinging
Batting: LHB Juan Sánchez 0-0: Fly out, F8 (Flyball, 8LM)
Batting: LHB Roberto Sandoval 0-0: Ground out 4-3 (Groundball, 4)
Bottom of the 8th over - 0 run(s), 1 hit(s), 0 error(s), 1 left on base; Chicago 8 - Kalamazoo 0
TOP OF THE 9TH
Chicago Machine batting - Pitching for Kalamazoo Royale with Cheese : RHP Eric Richards
Batting: RHB Edward Young 0-0: Ball
1-0: Called Strike
1-1: Ball
2-1: Ground out 5-3 (Groundball, 5)
Batting: SHB José Alomar 0-0: Called Strike
0-1: Swinging Strike
0-2: Fly out, F9 (Flyball, 9D)
Batting: RHB Doug Stephens 0-0: Called Strike
0-1: Ball
1-1: Fly out, F7 (Flyball, 78D)
Top of the 9th over - 0 run(s), 0 hit(s), 0 error(s), 0 left on base; Chicago 8 - Kalamazoo 0
BOTTOM OF THE 9TH
Kalamazoo Royale with Cheese batting - Pitching for Chicago Machine : RHP Clint Tancock
Now at C: Rick Ayliffe
Batting: RHB Jorge Márquez 0-0: Ball
1-0: Fly out, F3 (Popup, 3F)
Batting: RHB Fernando Martínez 0-0: Ball
1-0: Ball
2-0: Called Strike
2-1: SINGLE (Line Drive, 56)
Batting: LHB Robinson Fernández 0-0: Called Strike
0-1: Ball
1-1: SINGLE (Line Drive, 7LS)
Fernando Martínez to second
Batting: LHB Seung-woo Yi 0-0: Foul Ball, location: 2F
0-1: SINGLE (Line Drive, 34)
Fernando Martínez to third
Robinson Fernández to second
Batting: RHB Juan Jose Guevana 0-0: Ball
1-0: Foul Ball, location: 2F
1-1: Ball
2-1: Fly out, F9 (Flyball, 9LM)
Runner from 3rd tags up, SCORES, no throw
Batting: RHB Juan Mendoza 0-0: Foul Ball, location: 2F
0-1: Ball
1-1: Ball
2-1: Foul Ball, location: 2F
2-2: Ball
3-2: Ground out 1-3 (Groundball, 23)
Bottom of the 9th over - 1 run(s), 3 hit(s), 0 error(s), 2 left on base; Chicago 8 - Kalamazoo 1
Monday, December 5th, 2016 - OOTP Baseball 17.12 Build 75